 Dungeon Crawl Stone Soup version 0.29.1-15-g9cfb28693d (webtiles) character file.

Game seed: 13045874841604197829

7 BuddhaDhamma the Chopper (level 1, -3/19 HPs)
             Began as a Minotaur Berserker on Mar 20, 2023.
             Was a Follower of Trog.
             Slain by a worm (6 damage)
             ... on level 2 of the Dungeon.
             The game lasted 00:00:54 (358 turns).

BuddhaDhamma the Chopper (Minotaur Berserker)        Turns: 358, Time: 00:00:55

Health: -3/19      AC:  5    Str: 21    XL:     1   Next: 91%
Magic:  0/0        EV: 11    Int:  4    God:    Trog [*.....]
Gold:   32         SH:  0    Dex:  9    Spells: 0/0 levels left

rFire   . . .      SeeInvis .   a - +0 hand axe
rCold   . . .      Faith    .   (no shield)
rNeg    . . .      Spirit   .   c - +0 ring mail
rPois   .          Reflect  .   (helmet restricted)
rElec   .          Harm     .   (no cloak)
rCorr   .          Rampage  .   (no gloves)
Will    .....                   (no boots)
Stlth   ..........              (no amulet)
HPRegen 0.06/turn               (no ring)
MPRegen 0.07/turn               (no ring)

@: no status effects
A: horns 2, retaliatory headbutt
a: Renounce Religion, Berserk


You were on level 2 of the Dungeon.
You worshipped Trog.
Trog was aware of your devotion.
You visited 1 branch of the dungeon, and saw 2 of its levels.

You collected 32 gold pieces.

Inventory:

Hand Weapons
 a - a +0 hand axe (weapon)
Armour
 c - a +0 ring mail (worn)
Scrolls
 e - a scroll of identify {unknown}
 f - a scroll of teleportation {unknown}
Potions
 b - a potion of curing {unknown}
 d - a potion of cancellation {unknown}
 g - a potion of might {unknown}


   Skills:
 - Level 3.6 Fighting
 + Level 4.3 Axes
 - Level 2.4 Armour
 - Level 2.1 Dodging


You couldn't memorise any spells.
You didn't know any spells.
Your spell library was empty.

Dungeon Overview and Level Annotations

Branches:
Dungeon (1/15)

Altars:


Innate Abilities, Weirdness & Mutations

You have a pair of horns on your head.
You reflexively headbutt those who attack you in melee.


Message History

A jackal comes into view.
You hit the jackal. You headbutt the jackal.
You kill the jackal!
Trog accepts your kill. The jackal barely misses you.
You slash the jackal!
You kill the jackal!
Trog accepts your kill.
Things that are here:
a jackal corpse; a jackal corpse No reachable target in view!
A giant cockroach is nearby!
Found a stone staircase leading down.
Found a stone staircase leading up. 2 worms come into view.
The worm closely misses you. The worm bites you but does no damage.
You hit the worm.
The worm is lightly wounded.
You hit the worm. You hit the worm. You headbutt the worm.
The worm is moderately wounded.
You hit the worm but do no damage. The worm bites you. x2
You hit the worm. Your headbutt misses the worm.
The worm is severely wounded.
You hit the worm. The worm bites you!
* * * LOW HITPOINT WARNING * * *
The worm closely misses you.
You barely miss the worm.
The worm is heavily wounded.
You hit the worm but do no damage. You hit the worm.
The worm is severely wounded.
You barely miss the worm. The worm bites you.
* * * LOW HITPOINT WARNING * * *
The worm barely misses you.
You hit the worm but do no damage. You headbutt the worm!
You kill the worm!
Trog accepts your kill.
You hit the worm. The worm bites you.
You die...

.. . #.###. ....#
#.#.# # ..##.#.##.#
........
#.####w.#######
#....@........#
#.#.....>####.####
....<#..#....#....#
###
##.###..#.##.#.##.#
#.. # ...##.#
####.# #.. ....##.#
####.###.#
###.###..
#....##>.. #. ###
#.#####..# #
#.######.#


You could see a worm.

Vanquished Creatures
  A worm (D:2)
  A hobgoblin (D:2)
  2 jackals (D:2)
  2 ball pythons (D:1)
  A bat (D:1)
  A kobold (D:1)
8 creatures vanquished.

Notes
Turn   | Place    | Note
-------+----------+-------------------------------------------
     0 | D:1      | BuddhaDhamma the Minotaur Berserker began the quest for the
                  | Orb.
     0 | D:1      | Reached XP level 1. HP: 19/19 MP: 0/0
   266 | D:1      | You fall into a shaft and drop 1 floor!
   283 | D:2      | Reached skill level 4 in Axes
   358 | D:2      | Slain by a worm

Illustrated notes

Levels and vault maps discovered:
D:1:      elethiomel_arrival_infinity_welcomes_careful_drivers, layout_rooms
D:2:      layout_loops_cross, serial_co_window_serial, co_window_paths_a,
          co_window_paths_a, co_window_paths_a, co_window_corner_a,
          co_window_corner_a, co_window_of_opportunity_b, co_window_broadway_b,
          co_window_corner_b, co_window_4corner_a, glass_columns_a

Skill      XL: |  1 |
---------------+----+-----
Axes           | 4 |  4.3
Fighting       | |  3.6
Armour         | |  2.4
Dodging        | |  2.1

Action                   || total
-------------------------++-------
Melee: Hand axe          ||    23
       Headbutt          ||     3
Armor: Ring mail         ||    12
Dodge: Dodged            ||    14
